 Zot Defence DCSS version 0.14-a0-2080-ge317583 (webtiles) character file.

12663 BluebellGnoll the Archer (level 11, -2/79 (97) HPs)
             Began as a Minotaur Berserker on Jan 24, 2014.
             Was a Priest of Trog.
             Slain by a tentacled monstrosity (5 damage)
             ... summoned by a boggart
             ... in the Realm of Zot (Scenario II: Battle Heart).
             The game lasted 00:44:07 (2188 turns).

BluebellGnoll the Archer (Minotaur Berserker)       Turns: 2188, Time: 00:44:07

HP  -2/79 (97)   AC 10     Str 25      XL: 11   Next: 65%
MP   4/4         EV  8     Int  4      God: Trog [***...]
Gold 0           SH  0     Dex 10      Spells:  0 memorised, 10 levels left

rFire  . . .     SeeInvis .     r - +4,+2 trident (pierce)
rCold  . . .     Clarity  .     j - +0 orc chain mail
rNeg   . . .     Conserve .     (no shield)
rPois  .         rCorr    .     (helmet restricted)
rElec  .         rRot     .     (no cloak)
SustAb . .       Spirit   .     (no gloves)
rMut   .         Warding  .     (no boots)
Saprov . . .     Stasis   .     (no amulet)
MR     ++...                    (no ring)
                                (no ring)

@: regenerating, exhausted, slowed, constricted, very slow, very resistant to
hostile enchantments, extremely unstealthy
A: retaliatory headbutt, horns 2
a: Make dart trap, Make oklob sapling, Make arrow trap, Make plant, Remove
Curse, Make burning bush, Make altar, Make grenades, Make oklob plant, Make net
trap, Make ice statue, Make spear trap, Make alarm trap, Burn Spellbooks,
Berserk, Trog's Hand, Renounce Religion


You were in the Realm of Zot.
You worshipped Trog.
Trog was most pleased with you.
You were not hungry.

You visited 1 branch

Inventory:

Hand weapons
 a - a +0,+0 spear
 m - a +0,+0 bow
 p - a +0,+0 flail of crushing
 r - a +4,+2 trident of piercing (weapon)
 s - a +0,+0 trident
 t - a +2,+2 spear of freezing
 v - a +0,+0 crossbow
Missiles
 k - 37 darts (quivered)
 l - 7 tomahawks
 n - 27 arrows
 u - 5 poisoned tomahawks
 w - 14 bolts
Armour
 b - a +0 animal skin
 j - a +0 orcish chain mail (worn)
 q - a -2 ring mail
Magical devices
 o - a wand of polymorph (3) {unknown}
Comestibles
 d - a bread ration
Scrolls
 i - a scroll of blinking
Potions
 c - 3 potions of curing
 e - a potion of heal wounds
 f - a potion of speed
 g - 2 potions of magic
 h - a potion of berserk rage


   Skills:
 * Level 9.2 Fighting
 * Level 9.9 Polearms
 + Level 11.6 Bows
 + Level 6.2 Throwing
 * Level 7.2 Armour
 * Level 8.6 Dodging


You had 10 spell levels left.
You didn't know any spells.

Dungeon Overview and Level Annotations

Branches:
    Zot (1/1)

Altars:


Innate Abilities, Weirdness & Mutations

You reflexively headbutt those who attack you in melee.
You have a pair of horns on your head.


Message History

The puff of flame hits your oklob plant.
Your ice beast hits the tentacled monstrosity.
Your ice beast freezes the tentacled monstrosity!
The tentacled monstrosity resists.
Your ice beast closely misses the tentacled monstrosity.
A dart hits something!
The yaktaur unwields an uncursed crossbow of flame.
The yaktaur hits your ice beast! A dart hits your ice beast!
The slime creature hits your burning bush!
The slime creature hits your burning bush.
Your oklob plant spits acid at the slime creature.
The splash of acid hits the slime creature.
The slime creature dies!
A dart hits the yaktaur!
The tentacled monstrosity tentacle-slaps you!
* * * LOW HITPOINT WARNING * * *
The tentacled monstrosity tentacle-slaps you but does no damage.
The tentacled monstrosity tentacle-slaps you.
* * * LOW HITPOINT WARNING * * *
You die...

.....▓ ▓∆▓∆▓∆▓▓▓∆▓∆▓∆▓ ▓.....
....▓▓ ▓∆∆∆∆∆▓ ▓∆∆∆∆∆▓ ▓▓....
▓▓▓▓▓ ▓▓▓▓▓▓▓▓▓▓▓▓▓▓▓ ▓▓▓▓▓ ▓▓.▓▓
▓▓PPP▓▓ ▓▓P....▓▓ ▓
▓▓▓▓▓▓▓J.....P▓▓▓▓▓▓▓ ▓
▓▓▓▓▓▓▓.P(..)(.)....[)....▓▓▓▓▓▓▓
.........(J^^^cX@)^I^^)......)..)
......▓.......[c.)I[......▓J.....
......▓▓▓▓▓▓▓...IXI8▓▓▓▓▓▓▓..)...
.§v.▓▓▓ ▓▓.....▓▓ ▓▓▓...J ...▓▓
▓▓PP(▓▓ ▓▓... ..▓▓ ▓▓.▓▓ ▓▓P. ▓▓▓
▓▓▓ ▓▓▓ ▓ ▓


You could see 2 tentacled monstrosities, 2 slime creatures, 2 yaktaurs, a
friendly ice statue, 2 friendly oklob plants, 5 friendly burning bushes, 4
friendly ice beasts and a friendly oklob sapling.

Vanquished Creatures
  A draconian (shapeshifter) (Zot)
  4 slime creatures (Zot)
  3 ugly things (Zot)
  An orc warrior (Zot)
  A vampire mosquito (Zot)
  A black bear (Zot)
  An ogre (Zot)
  A sky beast (Zot)
  A giant frog (Zot)
  A gnoll sergeant (Zot)
  2 orange rats (Zot)
  An orc wizard (Zot)
  An adder (Zot)
  A giant eyeball (Zot)
  3 oozes (Zot)
  3 goblins (Zot)
  A jackal (Zot)
  A ball python (Zot)
  5 bats (Zot)
  2 giant cockroaches (Zot)
  A giant newt (Zot)
  2 kobolds (Zot)
  3 rats (Zot)
41 creatures vanquished.

Vanquished Creatures (collateral kills)
  A wolf spider (Zot)
  7 yaktaurs (Zot)
  4 ugly things (Zot)
  10 slime creatures (Zot)
  2 merfolk (Zot)
  4 vampires (Zot)
  2 vampire mosquitoes (Zot)
  4 hungry ghosts (Zot)
  Edmund (Zot)
  Purgy (Zot)
  A black bear (Zot)
  2 ogres (Zot)
  An orc warrior (Zot)
  2 phantoms (Zot)
  A centaur (Zot)
  Sigmund (Zot)
  A giant frog (Zot)
  Blork the orc (Zot)
  2 gnoll sergeants (Zot)
  3 water moccasins (Zot)
  2 insubstantial wisps (Zot)
  A crimson imp (Zot)
  A yak zombie (Zot)
  An orange rat (Zot)
  A hound (Zot)
  An orc wizard (Zot)
  2 scorpions (Zot)
  A worker ant (Zot)
  8 boggarts (Zot)
  5 adders (Zot)
  3 giant mites (Zot)
  A worm (Zot)
  3 giant eyeballs (Zot)
  2 giant geckos (Zot)
  5 orcs (Zot)
  4 ball pythons (Zot)
  8 goblins (Zot)
  7 hobgoblins (Zot)
  8 jackals (Zot)
  4 kobolds (Zot)
  5 oozes (Zot)
  3 quokkas (Zot)
  8 bats (Zot)
  2 giant newts (Zot)
  29 rats (Zot)
  3 butterflies (Zot)
169 creatures vanquished.

Vanquished Creatures (others)
  An ice statue (Zot)
  An oklob plant (Zot)
  2 burning bushes (Zot)
  An ugly thing (Zot)
  3 ice beasts (Zot)
  An oklob sapling (Zot)
  2 boggarts (Zot)
  An ooze (Zot)
  2 giant cockroaches (Zot)
  A kobold (Zot)
  4 ball pythons (Zot)
  4 goblins (Zot)
  A jackal (Zot)
  8 rats (Zot)
  2 butterflies (Zot)
34 creatures vanquished.

Grand Total: 244 creatures vanquished

Notes
Turn   | Place    | Note
--------------------------------------------------------------
     0 | Zot      | BluebellGnoll, the Minotaur Berserker, began the quest for the Orb.
     0 | Zot      | Reached XP level 1. HP: 19/19 MP: 1/1
   240 | Zot      | Reached XP level 2. HP: 25/27 MP: 1/1
   252 | Zot      | Reached skill level 4 in Polearms
   255 | Zot      | Noticed Gorg
   269 | Zot      | Killed Gorg the orc warrior
   269 | Zot      | Reached skill level 5 in Fighting
   269 | Zot      | Reached skill level 5 in Polearms
   269 | Zot      | Reached XP level 3. HP: 7/36 MP: 2/2
   269 | Zot      | Reached XP level 4. HP: 8/42 MP: 2/2
   269 | Zot      | Reached XP level 5. HP: 9/49 MP: 2/2
   269 | Zot      | Reached XP level 6. HP: 10/56 MP: 3/3
   361 | Zot      | Reached skill level 6 in Polearms
   440 | Zot      | Acquired Trog's second power
   645 | Zot      | Reached XP level 7. HP: 63/63 MP: 3/3
   662 | Zot      | Reached skill level 1 in Throwing
   851 | Zot      | Reached skill level 5 in Dodging
  1049 | Zot      | Reached skill level 7 in Polearms
  1075 | Zot      | Noticed Sigmund
  1077 | Zot      | Killed Sigmund
  1077 | Zot      | Reached skill level 1 in Bows
  1132 | Zot      | Reached XP level 8. HP: 71/71 MP: 3/3
  1254 | Zot      | Noticed Edmund
  1260 | Zot      | Killed Edmund
  1299 | Zot      | Paralysed by a giant eyeball for 2 turns
  1432 | Zot      | Noticed a wolf spider
  1436 | Zot      | Killed a wolf spider
  1436 | Zot      | Reached skill level 5 in Bows
  1436 | Zot      | Reached XP level 9. HP: 78/78 MP: 4/4
  1457 | Zot      | Noticed a slime creature
  1460 | Zot      | Killed a slime creature
  1471 | Zot      | Reached skill level 5 in Throwing
  1763 | Zot      | Reached skill level 8 in Polearms
  1763 | Zot      | Reached XP level 10. HP: 86/86 MP: 4/4
  1782 | Zot      | Noticed a draconian
  1793 | Zot      | Killed a draconian
  1793 | Zot      | Reached skill level 5 in Armour
  1854 | Zot      | Reached skill level 9 in Bows
  1856 | Zot      | Paralysed by a giant eyeball for 4 turns
  1948 | Zot      | Paralysed by a giant eyeball for 3 turns
  1975 | Zot      | Noticed Purgy
  1975 | Zot      | Killed Purgy
  1975 | Zot      | Reached skill level 10 in Bows
  2052 | Zot      | Reached XP level 11. HP: 95/95 MP: 4/4
  2071 | Zot      | Killed Blork the orc
  2146 | Zot      | Reached skill level 11 in Bows
  2170 | Zot      | Noticed an ice dragon
  2173 | Zot      | Noticed a yellow draconian
  2174 | Zot      | Noticed an ice dragon
  2179 | Zot      | Noticed a tentacled monstrosity
  2182 | Zot      | Noticed a tentacled monstrosity
  2183 | Zot      | Noticed a tentacled monstrosity
  2185 | Zot      | Noticed a tentacled monstrosity
  2188 | Zot      | HP: 3/79 [tentacled monstrosity[a boggart] (6)]
  2188 | Zot      | Slain by a tentacled monstrosity

Action                   |  1- 3 |  4- 6 |  7- 9 | 10-12 || total
-------------------------+-------+-------+-------+-------++-------
Melee: Spear             |    26 |    16 |    10 |       ||    52
       Trident           |       |       |       |    42 ||    42
 Fire: Bow               |       |       |    81 |    51 ||   132
Throw: Dart              |     1 |    16 |     7 |    11 ||    35
       Tomahawk          |       |       |       |     1 ||     1
Invok: Berserk           |     1 |     1 |     2 |     1 ||     5
       Trog's Hand       |       |       |     1 |     4 ||     5
 Abil: Make dart trap    |     6 |       |       |       ||     6
       Make oklob saplin |       |     2 |       |       ||     2
       Make burning bush |       |     1 |     1 |     5 ||     7
       Make arrow trap   |       |       |     2 |       ||     2
       Make oklob plant  |       |       |     2 |     1 ||     3
       Remove Curse      |       |       |     1 |       ||     1
       Make ice statue   |       |       |       |     3 ||     3
  Use: Potion            |       |       |       |     1 ||     1
 Stab: Distracted        |       |       |     1 |     1 ||     2
